[Event "German Bundesliga 2023-24"]
[Site "Germany"]
[Date "2024.02.24"]
[Round "10.43"]
[White "Tregubov, Pavel V."]
[Black "Neugebauer, Martin"]
[Result "1/2-1/2"]
[ECO "B22"]
[WhiteElo "2567"]
[BlackElo "2529"]
[Annotator "TA"]
[PlyCount "91"]
[EventDate "2023.10.20"]
[EventType "team-tourn"]
[EventCountry "GER"]
[SourceTitle "playchess.com"]
[Source "ChessBase"]
[SourceQuality "1"]
[TimeControl "40/6000+30:3000+30"]

1. e4 c5 2. c3 Nf6 3. e5 Nd5 4. Nf3 Nc6 5. Bc4 Nb6 6. Bb3 d5 7. exd6 c4 8. Bc2 Qxd6 9. Na3 {[%emt 0:00:11] B22: Sicilian: 2 c3.} Bg4 10. Qe2 Qe6 11. Qxe6 Bxe6 12. b3 O-O-O $146 (12... Bd5 $11) ({Predecessor:} 12... Bd5 13. Rb1 O-O-O 14. O-O e5 15. Re1 f6 16. Be4 Bxe4 17. Rxe4 cxb3 18. axb3 f5 19. Rxe5 Nxe5 20. Nxe5 Bxa3 21. Bxa3 Rxd2 {0-1 Wagner,D (2569)-Ghaem Maghami,E (2515) Titled Tuesday intern op 12th Jul Late blitz 2022 (5)}) 13. Ng5 $16 Bd5 14. bxc4 Nxc4 (14... Bxg2 $2 15. Rg1 $18) 15. Nxc4 Bxc4 {[%emt 0:00:05] [#]} 16. Bb3 $1 Bxb3 17. axb3 Rd5 18. Nxf7 Rg8 19. d4 e5 20. Nxe5 Nxe5 21. dxe5 Rxe5+ 22. Be3 Bc5 23. Ra5 (23. O-O $1 $14 {is superior.}) 23... Rge8 $11 24. Ke2 Bxe3 (24... Rg5 $1 $11 25. b4 (25. h4 Bxe3 26. hxg5 Bb6+ 27. Kd3 Bxa5 $15) 25... Bxe3 26. fxe3 Rxg2+ 27. Kf3 Rd2) 25. Rxe5 $16 Rxe5 26. fxe3 Ra5 27. Kd3 Ra2 28. g4 Kd7 29. Rf1 Rxh2 30. Rf7+ Kc6 31. Rxg7 a5 {[%emt 0:00:00] [#]} 32. Rg5 $1 b6 (32... b5 $16 {is a better defense.}) 33. Kc4 (33. Rh5 $18 Rg2 34. g5 (34. Rxh7 Rxg4 35. Rh6+ Kc5 $14)) 33... Rh4 (33... Rg2 $14) 34. e4 $18 h5 (34... Rh6 {was worth a try.} 35. Kd4 Rd6+ 36. Ke3 Rh6) 35. Rxh5 $18 (35. gxh5 Rxe4+ 36. Kd3 Rh4 $14) 35... Rxg4 36. Rh6+ Kc7 37. Re6 ({White should try} 37. Kd5) 37... Rg3 $16 38. b4 a4 $1 39. Re7+ Kb8 $1 40. Re6 (40. Rd7 $14) 40... Kc7 $16 41. Kb5 (41. b5 $16) 41... a3 $1 $11 42. Rc6+ (42. Rxb6 Rg5+ 43. Kc4 Kxb6 44. Kb3 Rg3 45. Kxa3 Rxc3+ 46. Kb2 Rc7 (46... Re3 {gets mated.} 47. Kc2 Rxe4 48. Kc3 Kb5 49. Kd3 Rxb4 50. Ke3 Kc5 51. Kf3 Rd4 52. Kf2 Kc4 53. Ke3 Kc3 54. Ke2 Rd3 55. Ke1 Rd2 56. Kf1 Kd3 57. Ke1 Ke3 58. Kf1 Kf3 59. Kg1 Rd1+ 60. Kh2 Rf1 61. Kh3 Rh1#) 47. Ka3 Kb5 (47... Re7 {is a self mate.} 48. Kb3 Rc7 49. e5 Kb5 50. e6 Rc4 51. e7 Rc8 52. Ka3 Re8 53. Kb2 Rxe7 54. Kc2 Rd7 55. Kc3 Rd8 56. Kb3 Rc8 57. Ka3 Rc3+ 58. Ka2 Kxb4 59. Kb2 Rc7 60. Ka2 Kc3 61. Kb1 Kb3 62. Ka1 Rc1#) 48. Kb3 Rc8 (48... Re7 49. Kc3 Rxe4 50. Kd3 Rc4 51. Ke3 Kxb4 52. Kd3 Kb3 53. Ke2 Kc2 54. Ke3 Rb4 55. Kf2 Rb3 56. Kg2 Kd1 57. Kf2 Kd2 58. Kg1 Ke3 59. Kg2 Ke2 60. Kh1 Rg3 61. Kh2 Kf2 62. Kh1 Rh3#) 49. e5 Rc6 (49... Re8 50. Kc3 Rxe5 51. Kd4 Re6 52. Kd5 Re1 53. Kd4 Kxb4 54. Kd5 Kc3 55. Kc5 Rd1 56. Kb5 Kd4 57. Kb6 Kd5 58. Kb5 Rb1+ 59. Ka4 Kc4 60. Ka5 Rb4 61. Ka6 Kc5 62. Ka5 Rh4 63. Ka6 Rh7 64. Ka5 Ra7#) 50. e6 Rxe6 51. Kc2 Rd6 (51... Kxb4 52. Kd3 Kc5 53. Kc2 Kc4 54. Kd2 Re8 55. Kc2 Re2+ 56. Kd1 Kd3 57. Kc1 Kc3 58. Kb1 Re1+ 59. Ka2 Rh1 60. Ka3 Ra1#) 52. Kc3 Rd7 53. Kb3 Rc7 54. Ka3 Rc3+ 55. Ka2 Kxb4 56. Kb2 Rc8 57. Ka1 Rc2 58. Kb1 Kb3 59. Ka1 Rc1#) 42... Kd8 43. Rxb6 Rxc3 44. Ra6 Kc7 45. e5 Re3 46. Kc4 1/2-1/2

[Event "German Bundesliga 2023-24"]
[Site "Germany"]
[Date "2024.02.24"]
[Round "10.44"]
[White "Krejci, Jan"]
[Black "Beerdsen, Thomas"]
[Result "1/2-1/2"]
[ECO "D15"]
[WhiteElo "2517"]
[BlackElo "2496"]
[Annotator "RC"]
[PlyCount "45"]
[EventDate "2023.10.20"]
[EventType "team-tourn"]
[EventCountry "GER"]
[SourceTitle "playchess.com"]
[Source "ChessBase"]
[SourceQuality "1"]
[TimeControl "40/6000+30:3000+30"]

1. Nf3 Nf6 2. c4 c6 3. Nc3 d5 4. e3 a6 5. d4 b5 6. cxd5 cxd5 7. Bd3 e6 8. Ne5 Nbd7 9. f4 Bb7 10. O-O Be7 11. Qf3 O-O 12. Bd2 b4 13. Na4 Ne4 14. Qh3 Nxe5 15. fxe5 Bc6 16. Nc5 Bxc5 17. dxc5 a5 18. a3 h6 19. Be1 Qg5 20. axb4 axb4 21. Rxa8 Rxa8 22. Qf3 Ra7 23. Bxb4 1/2-1/2

[Event "German Bundesliga 2023-24"]
[Site "Germany"]
[Date "2024.02.24"]
[Round "10.45"]
[White "Feygin, Michael"]
[Black "Kraus, Tomas"]
[Result "1/2-1/2"]
[WhiteElo "2470"]
[BlackElo "2491"]
[Annotator "RC"]
[PlyCount "21"]
[EventDate "2023.10.20"]
[EventType "team-tourn"]
[EventCountry "GER"]
[SourceTitle "playchess.com"]
[Source "ChessBase"]
[SourceQuality "1"]
[TimeControl "40/6000+30:3000+30"]

1. e4 d6 2. d4 Nf6 3. Nc3 e5 4. Nf3 Nbd7 5. Rg1 g6 6. g4 Bg7 7. g5 Nh5 8. Be3 O-O 9. Qd2 c6 10. O-O-O Qa5 11. Kb1 1/2-1/2

[Event "German Bundesliga 2023-24"]
[Site "Germany"]
[Date "2024.02.24"]
[Round "10.46"]
[White "Ferreira, Jorge Viterbo"]
[Black "Zelbel, Patrick"]
[Result "0-1"]
[ECO "E94"]
[WhiteElo "2525"]
[BlackElo "2478"]
[Annotator "TA"]
[PlyCount "80"]
[EventDate "2023.10.20"]
[EventType "team-tourn"]
[EventCountry "GER"]
[SourceTitle "playchess.com"]
[Source "ChessBase"]
[SourceQuality "1"]
[TimeControl "40/6000+30:3000+30"]

1. d4 Nf6 2. c4 g6 3. Nc3 Bg7 4. e4 d6 5. Nf3 O-O 6. Be2 e5 7. O-O exd4 8. Nxd4 Re8 9. f3 Nc6 10. Nxc6 bxc6 11. Be3 d5 12. Bg5 Qd6 13. cxd5 cxd5 {[%emt 0:01:15] The position is equal.} 14. Kh1 Bb7 (14... dxe4 15. fxe4 Nxe4 16. Nxe4 Rxe4 17. Qxd6 cxd6 18. Bf3 $11) 15. Qb3 Qb6 16. Bb5 {[%emt 0:02:25] [#] Hoping for Na4.} c6 17. Ba4 ({White should play} 17. Be2 $15) 17... d4 $17 (17... dxe4 $2 18. fxe4 Re6 19. Qxb6 axb6 20. Bb3 $18) 18. Bxf6 (18. Nb1 $17) 18... Bxf6 $19 19. Ne2 (19. Nb1 {was worth a try.}) 19... Ba6 20. Nf4 Be5 {[%emt 0:03:54] A strong pair of Bishops.} 21. Nh3 Bxf1 22. Rxf1 Rab8 23. Qc4 (23. Qxb6 $142 Rxb6 24. f4) 23... Qxb2 24. Bb3 Re7 25. Nf2 Qc3 26. Qa6 $2 (26. Rc1 Qxc4 27. Rxc4) 26... Rb5 27. Qc8+ Kg7 28. Qd8 Qb4 (28... Rbb7 $142 29. h4 Rbd7) 29. Nd3 Qd6 30. Qc8 (30. Qxd6 Bxd6 31. g3) 30... Bxh2 {[%emt 0:03:19] [#] White must now prevent ...Rh5.} 31. f4 Rh5 32. g4 Rh3 (32... Bxf4+ 33. gxh5 Rxe4 34. h6+ Kxh6 35. Qg4 $16 (35. Bxf7 Bg5 $11) (35. Nxf4 Rxf4 36. Rxf4 Qxf4 $17)) 33. e5 Bxf4+ 34. Kg2 Rg3+ 35. Kh1 Bxe5 36. Bc4 Rh3+ 37. Kg2 Rg3+ 38. Kh1 Bf6 {[%emt 0:00:58] Black mates.} 39. Nf4 Qe5 40. Kh2 Rc3 {[%emt 0:00:20] White did not feel at home in the position after the opening.   Weighted Error Value: White=0.89/Black=0.47.  Mistake:       	White=6     	Black=1      Inaccurate:     	White=1     	---        OK:         	White=5     	Black=9      Best:        	White=1     	Black=3} 0-1

[Event "German Bundesliga 2023-24"]
[Site "Germany"]
[Date "2024.02.24"]
[Round "10.47"]
[White "Hausrath, Daniel"]
[Black "Winterberg, Lukas"]
[Result "1-0"]
[ECO "E05"]
[WhiteElo "2462"]
[BlackElo "2410"]
[Annotator "TA"]
[PlyCount "119"]
[EventDate "2023.10.20"]
[EventType "team-tourn"]
[EventCountry "GER"]
[SourceTitle "playchess.com"]
[Source "ChessBase"]
[SourceQuality "1"]
[TimeControl "40/6000+30:3000+30"]

1. Nf3 Nf6 2. g3 e6 3. Bg2 d5 4. d4 Be7 5. O-O O-O 6. c4 dxc4 7. Qa4 a6 8. Qxc4 b5 9. Qc2 Bb7 10. Bf4 Nd5 11. Nbd2 Nd7 {[%emt 0:01:33] E05: Open Catalan: 5 Nf3 Be7.} 12. Nb3 c5 13. dxc5 Rc8 14. Rad1 Bxc5 15. Nxc5 Rxc5 16. Qd2 Nxf4 17. Qxf4 Qc8 $146 ({Predecessor:} 17... Qc7 18. Qxc7 Rxc7 19. Rd6 Nf6 20. Rfd1 g6 21. Ne1 Bxg2 22. Kxg2 Ra8 23. Rd8+ Rxd8 24. Rxd8+ {1-0 Damljanovic,B (2587)-Ivanovic,B (2428) Bar Sozina op 2005 (2)}) 18. Rc1 Nf6 19. Rxc5 Qxc5 20. Rc1 Qb6 21. Qc7 Nd5 22. Qxb6 Nxb6 23. Rc7 Bd5 24. b3 Rc8 25. Rxc8+ Nxc8 26. Ne5 Nb6 27. e4 Bb7 28. Nd3 a5 29. f4 Kf8 30. Kf2 Ke7 31. Ke3 Nd7 32. Kd4 f6 (32... f5 $1 $11) 33. Bh3 $16 Bc6 ({Black should try} 33... a4) 34. e5 $16 Bd5 35. Bf1 b4 (35... Bc6 $16 36. b4 fxe5+ 37. fxe5 a4) 36. Nb2 $18 fxe5+ 37. fxe5 Nb8 38. Bb5 Kd8 39. Nd3 g5 40. h4 h6 41. Nf2 Kc7 42. Kc5 Bc6 43. Bxc6 Nxc6 44. Nd3 g4 45. h5 Kb7 (45... Ne7 $142 46. Nf2 Nf5) 46. Kd6 $18 Nd4 47. Nf2 Ka6 48. Nxg4 Kb5 49. Ne3 a4 50. bxa4+ Kxa4 51. g4 Ka3 52. g5 Kxa2 53. gxh6 b3 54. h7 (54. Kc5 $142 Nf5 55. h7 (55. Nxf5 b2 $18) 55... Nxe3 56. h8=Q (56. h8=R Kb1 $18) 56... b2 57. Qa8+ Kb3 58. Qb7+ Ka2 59. Qa6+ (59. h6 b1=Q $18) 59... Kb3 60. Qd3+ (60. Qxe6+ Kc3 $18) 60... Ka2 61. Qa6+ (61. Qxe3 b1=Q 62. Qd2+ Ka3 63. Qa5+ Kb2 64. Qb6+ Kc2 65. Qxb1+ Kxb1) 61... Kb1 62. Qxe6) 54... b2 $18 55. h8=Q (55. h8=R $2 {loses.} b1=Q (55... b1=R $2 56. Ra8+ Kb2 57. Rb8+ Nb3 58. h6 $18) 56. Ra8+ Kb2 57. Rb8+ Nb3 58. Kxe6 Qh7 $19) 55... b1=Q 56. Qa8+ Kb2 57. Qb7+ Nb3 58. Kxe6 (58. Qg2+ $142 Ka3 59. Nc2+ (59. Kxe6 Nc5+ 60. Kd5 Qd3+ 61. Kxc5 Qxe3+ 62. Kd6 Qb6+ 63. Qc6 Qd8+ 64. Qd7 Qb6+ 65. Ke7 Qa5 $18) 59... Kb2 60. Nd4+ Kc3 61. Qc2+ (61. Nxe6 Qd1+ 62. Qd5 Qxh5 $18) (61. Nxb3 Qd3+ 62. Kxe6 Qc4+ 63. Qd5 Qa6+ 64. Ke7 Qa7+ 65. Kf8 Qh7 $18) 61... Qxc2 62. Nxc2 Kxc2 63. h6 (63. Kxe6 Kd3 $18)) 58... Qd3 59. Qg2+ Kc3 60. Qc2+ 1-0

[Event "German Bundesliga 2023-24"]
[Site "Germany"]
[Date "2024.02.24"]
[Round "10.48"]
[White "Tica, Sven"]
[Black "Saltaev, Mihail"]
[Result "1/2-1/2"]
[ECO "E06"]
[WhiteElo "2444"]
[BlackElo "2441"]
[Annotator "TA"]
[PlyCount "105"]
[EventDate "2023.10.20"]
[EventType "team-tourn"]
[EventCountry "GER"]
[SourceTitle "playchess.com"]
[Source "ChessBase"]
[SourceQuality "1"]
[TimeControl "40/6000+30:3000+30"]

1. d4 d5 2. c4 e6 3. Nf3 Nf6 4. g3 Be7 5. Bg2 O-O 6. Nc3 dxc4 7. Ne5 c5 8. dxc5 Qxd1+ 9. Nxd1 Bxc5 10. Nxc4 Nd5 11. Nc3 Nxc3 12. bxc3 Nc6 13. Rb1 f6 14. Rb5 Be7 15. O-O Rd8 16. f4 Rd7 17. Be3 Rc7 18. Rfb1 Nd8 19. Na5 Rxc3 20. Kf2 Ra3 21. Nxb7 Nxb7 22. Bxb7 Bxb7 23. Rxb7 Bd6 24. Rd7 Bf8 25. Rb2 a6 26. g4 h6 {[%emt 0:03:01] The position is equal.} 27. h4 Rc8 28. g5 hxg5 29. hxg5 fxg5 30. fxg5 Kh7 31. Bd4 Kg6 32. e3 Ra5 33. Kf3 Re8 (33... Kxg5 34. Rg2+ Kh6 35. Bxg7+ Bxg7 36. Rdxg7) 34. Ra7 e5 35. Bc3 e4+ 36. Kf2 Ra3 37. Bd4 Kxg5 38. Kg1 Ra5 39. Rf7 g6 40. Rbf2 {[%emt 0:00:07][%cal Of7h7] [#] Hoping for Rh7!} Rf5 41. Rg2+ Kh6 $1 42. Rh2+ Rh5 43. Rhf2 Rf5 44. R7xf5 gxf5 45. Rxf5 Bg7 46. Bxg7+ Kxg7 $11 {[%emt 0:00:02][%mdl 4096] Endgame. KR-KR} 47. Rg5+ Kf6 48. Ra5 Ra8 49. Kf2 Ke6 50. Ke2 Ra7 51. Ra4 Ke5 52. Ra5+ Ke6 53. Ra4 {[%emt 0:00:04] Weighted Error Value: White=0.03 (flawless) /Black=0.03 (flawless) .  OK:         	White=17    	Black=19     Best:        	---       	Black=2      Strong:       	---       	Black=1} 1/2-1/2

[Event "German Bundesliga 2023-24"]
[Site "Germany"]
[Date "2024.02.24"]
[Round "10.49"]
[White "Nihal Sarin"]
[Black "Nisipeanu, Liviu-Dieter"]
[Result "1-0"]
[ECO "E11"]
[WhiteElo "2693"]
[BlackElo "2600"]
[Annotator "TA"]
[PlyCount "73"]
[EventDate "2023.10.20"]
[EventType "team-tourn"]
[EventCountry "GER"]
[SourceTitle "playchess.com"]
[Source "ChessBase"]
[SourceQuality "1"]
[TimeControl "40/6000+30:3000+30"]

1. d4 Nf6 2. c4 e6 3. Nf3 Bb4+ 4. Bd2 Qe7 5. g3 Nc6 6. Nc3 O-O 7. d5 exd5 8. Nxd5 Bxd2+ {[%emt 0:00:05] White is slightly better.} 9. Qxd2 Qd8 10. Bg2 d6 11. O-O Ne4 12. Qc2 Re8 13. b4 a5 14. a3 axb4 {[%emt 0:31:36] Black is now going downhill.} (14... Bd7 $14) 15. axb4 $16 Rxa1 16. Rxa1 Nf6 17. Ra8 $1 {[%emt 0:09:56] Strongly threatening Bh3. White is more active.} Nxd5 (17... Nd7 $16 18. Bh3 h6) 18. cxd5 $18 Nxb4 19. Qc4 c5 {[%emt 0:00:07] [#]} 20. Bh3 $1 Qc7 21. Qb5 {[%emt 0:00:44] Prevents Bd7.} Kf8 {[%emt 0:03:10][%cal Oc8d7] [#] ...Bd7! would now be deadly.} 22. Qxe8+ Kxe8 23. Rxc8+ Qxc8 24. Bxc8 b5 {[%emt 0:00:01] [#]} 25. e4 Kd8 26. Bh3 Kc7 (26... Na2 {was worth a try.} 27. Kf1 c4) 27. Kf1 Nd3 28. Ke2 c4 29. Ke3 Nb2 30. Kd4 Nd1 31. Bf1 Nxf2 32. Ng5 {[%emt 0:00:33][%csl LRf7,LRh7] White is clearly winning.} f6 (32... Kd7 $142 33. Nxf7 (33. Nxh7 Ke8 $18) 33... Ke7) 33. Ne6+ Kb6 34. Nxg7 Ka5 35. Nf5 Kb4 36. Nxd6 c3 37. Bd3 {[%emt 0:02:10] Weighted Error Value: White=0.04 (flawless) /Black=0.31.  Mistake:       	---       	Black=4      Inaccurate:     	---       	Black=2      OK:         	White=9     	Black=13     Best:        	White=3     	---        Strong:       	White=1     	---        Brilliant:      	White=1     	---} 1-0

[Event "German Bundesliga 2023-24"]
[Site "Germany"]
[Date "2024.02.24"]
[Round "10.50"]
[White "Bartel, Mateusz"]
[Black "Svane, Rasmus"]
[Result "1/2-1/2"]
[ECO "C65"]
[WhiteElo "2651"]
[BlackElo "2646"]
[Annotator "ChessBase"]
[PlyCount "40"]
[EventDate "2023.10.20"]
[EventType "team-tourn"]
[EventCountry "GER"]
[SourceTitle "playchess.com"]
[Source "ChessBase"]
[SourceQuality "1"]
[TimeControl "40/6000+30:3000+30"]

1. e4 e5 2. Nf3 Nc6 3. Bb5 Nf6 4. d3 Bc5 5. Bxc6 dxc6 6. Bg5 Qd6 7. Nbd2 Be6 8. O-O h6 9. Be3 Nd7 10. Qe2 Rd8 11. Rad1 O-O 12. Nc4 Bxc4 13. dxc4 Qe7 14. Bd2 Bb4 15. Bc1 Rfe8 16. c3 Bd6 17. g3 Qe6 18. Nh4 Bf8 19. b3 Nf6 20. f3 a6 1/2-1/2

[Event "German Bundesliga 2023-24"]
[Site "Germany"]
[Date "2024.02.24"]
[Round "10.51"]
[White "Mendonca, Leon Luke"]
[Black "Michalik, Peter"]
[Result "1/2-1/2"]
[ECO "D12"]
[WhiteElo "2614"]
[BlackElo "2576"]
[Annotator "TA"]
[PlyCount "62"]
[EventDate "2023.10.20"]
[EventType "team-tourn"]
[EventCountry "GER"]
[SourceTitle "playchess.com"]
[Source "ChessBase"]
[SourceQuality "1"]
[TimeControl "40/6000+30:3000+30"]

1. d4 d5 2. c4 c6 3. Nf3 Nf6 4. e3 Bf5 5. Nc3 e6 6. Nh4 Bg6 7. Be2 Nbd7 8. O-O Be7 9. Nxg6 hxg6 10. Bd2 O-O 11. Qb3 Rb8 12. Rfd1 Bd6 13. Rac1 Qe7 14. Be1 (14. c5 $5 Bc7 $8 15. Qc2 $11) 14... a6 15. a3 Rfd8 16. g3 dxc4 17. Qxc4 e5 18. dxe5 Bxe5 19. a4 Bd6 {[%emt 0:07:05] The position is equal.} 20. a5 Bb4 21. Na4 Bxe1 22. Rxe1 Ne5 23. Qc5 Qe6 (23... Qxc5 {simplifies} 24. Nxc5 Rd2 25. f4 Ned7) 24. Red1 {[%emt 0:03:36] Repels Rd2} Ne4 {[%emt 0:06:57] A dynamic duo of knights.} 25. Qb4 Qf5 26. f4 Ng4 27. Bxg4 Qxg4 28. Rxd8+ Rxd8 29. Qxe4 {[%emt 0:00:03] [#] aiming for Qc2.} Rd1+ 30. Rxd1 Qxd1+ 31. Kg2 {[%emt 0:00:02] Hoping for Nc3.} Qe2+ {[%emt 0:00:07] Weighted Error Value: White=0.07 (flawless) /Black=0.05 (flawless) .  Inaccurate:     	---       	Black=2      OK:         	White=6     	Black=11     Best:        	White=3     	Black=2} 1/2-1/2

[Event "German Bundesliga 2023-24"]
[Site "Germany"]
[Date "2024.02.24"]
[Round "10.52"]
[White "Gajewski, Grzegorz"]
[Black "Kempinski, Robert"]
[Result "1/2-1/2"]
[ECO "A10"]
[WhiteElo "2561"]
[BlackElo "2554"]
[Annotator "TA"]
[PlyCount "52"]
[EventDate "2023.10.20"]
[EventType "team-tourn"]
[EventCountry "GER"]
[SourceTitle "playchess.com"]
[Source "ChessBase"]
[SourceQuality "1"]
[TimeControl "40/6000+30:3000+30"]

1. c4 b6 2. Nc3 Bb7 3. e4 e5 4. Nf3 Nc6 5. a3 Nf6 6. d3 Bc5 7. b4 Bd4 8. Nxd4 {[%emt 0:05:47] White is slightly better.} Nxd4 9. Be3 O-O 10. Be2 (10. g3 $1 $14 {feels stronger.}) 10... c6 $11 11. O-O d5 12. exd5 Nxe2+ 13. Qxe2 cxd5 {[%emt 0:00:08] [#] Hoping for ...d4.} 14. Bg5 d4 15. Nb1 h6 16. Bxf6 Qxf6 17. Nd2 Qg6 {[%emt 0:03:25][%csl Gb7][%cal Rg6g2] [#]} 18. f3 $1 Rfe8 19. Rfc1 Rac8 20. a4 f5 21. c5 ({Better is} 21. Re1 $11) 21... e4 22. fxe4 fxe4 23. Nxe4 Bxe4 24. dxe4 Rxe4 25. Qc4+ Kh7 {[%emt 0:01:42] aiming for ...bxc5.} 26. Ra3 bxc5 {[%emt 0:06:33] Weighted Error Value: White=0.11 (very precise) /Black=0.10 (very precise) .  Mistake:       	White=2     	---        Inaccurate:     	---       	Black=2      OK:         	White=7     	Black=7      Best:        	White=1     	---        Strong:       	White=1     	---} 1/2-1/2

[Event "German Bundesliga 2023-24"]
[Site "Germany"]
[Date "2024.02.24"]
[Round "10.53"]
[White "Ernst, Sipke"]
[Black "Vogel, Roven"]
[Result "1/2-1/2"]
[ECO "E04"]
[WhiteElo "2551"]
[BlackElo "2471"]
[Annotator "RC"]
[PlyCount "41"]
[EventDate "2023.10.20"]
[EventType "team-tourn"]
[EventCountry "GER"]
[SourceTitle "playchess.com"]
[Source "ChessBase"]
[SourceQuality "1"]
[TimeControl "40/6000+30:3000+30"]

1. d4 Nf6 2. c4 e6 3. Nf3 d5 4. g3 dxc4 5. Bg2 a6 6. O-O Nc6 7. Bg5 Be7 8. e3 Rb8 9. Nfd2 e5 10. Bxf6 Bxf6 11. d5 Ne7 12. Nxc4 e4 13. d6 Be6 14. Nbd2 Nf5 15. Rc1 Nxd6 16. Nxd6+ Qxd6 17. Nxe4 Qxd1 18. Nxf6+ gxf6 19. Rfxd1 c6 20. a3 Ke7 21. Kf1 1/2-1/2

[Event "German Bundesliga 2023-24"]
[Site "Germany"]
[Date "2024.02.24"]
[Round "10.54"]
[White "Neef, Maximilian"]
[Black "Papp, Gabor"]
[Result "0-1"]
[ECO "A50"]
[WhiteElo "2466"]
[BlackElo "2530"]
[Annotator "RC"]
[PlyCount "97"]
[EventDate "2023.10.20"]
[EventType "team-tourn"]
[EventCountry "GER"]
[SourceTitle "playchess.com"]
[Source "ChessBase"]
[SourceQuality "1"]
[TimeControl "40/6000+30:3000+30"]

1. Nf3 Nf6 2. d4 b6 3. g3 Bb7 4. c4 g6 5. Bg2 Bg7 6. O-O O-O 7. Bf4 d6 8. Qc2 c5 9. d5 b5 10. e4 bxc4 11. Nbd2 a5 12. Nxc4 Ba6 13. Nfd2 Nbd7 14. Rfe1 Ng4 15. Rab1 Bd4 16. Re2 Nb6 17. b3 Rb8 18. h3 Nxc4 19. Nxc4 Ne5 20. Ree1 Bxc4 21. bxc4 Rb4 22. Bxe5 dxe5 23. a3 Rxb1 24. Rxb1 f5 25. exf5 Rxf5 26. Rf1 Rf6 27. Be4 Qf8 28. Qe2 a4 29. Kg2 Rb6 30. Bc2 Rb2 31. h4 Kg7 32. Qd3 Qf5 33. Qxf5 gxf5 34. Bxa4 e4 35. Bd7 Kf6 36. g4 f4 37. g5+ Ke5 38. h5 e3 39. Kf3 exf2 40. Rh1 Rb3+ 41. Ke2 Ke4 42. Rd1 Rxa3 43. g6 hxg6 44. hxg6 Re3+ 45. Kf1 Rg3 46. Ke2 Rxg6 47. Bh3 Rg1 48. Bf1 f3+ 49. Kd2 0-1

[Event "German Bundesliga 2023-24"]
[Site "Germany"]
[Date "2024.02.24"]
[Round "10.55"]
[White "Kramer, Julian"]
[Black "Boensch, Uwe"]
[Result "1/2-1/2"]
[ECO "B30"]
[WhiteElo "2470"]
[BlackElo "2456"]
[Annotator "TA"]
[PlyCount "89"]
[EventDate "2023.10.20"]
[EventType "team-tourn"]
[EventCountry "GER"]
[SourceTitle "playchess.com"]
[Source "ChessBase"]
[SourceQuality "1"]
[TimeControl "40/6000+30:3000+30"]

1. e4 c5 2. Nf3 Nc6 3. Bb5 e5 4. O-O Bd6 5. d4 Nxd4 6. Nxd4 cxd4 7. c3 Bc5 8. cxd4 Bxd4 9. Nd2 Nf6 10. Nf3 Bc5 11. Nxe5 O-O 12. Bg5 Be7 (12... d6 $11 13. Nd3 Bd4) 13. Bxf6 Bxf6 14. Nd3 (14. Nxd7 $14 Bxd7 15. Bxd7) 14... d6 15. Bc4 Bd7 16. Bd5 Bc6 17. Bxc6 bxc6 18. Rc1 Re8 19. Rxc6 Rxe4 20. b4 Rc8 21. Qc2 Rxc6 22. Qxc6 d5 23. Re1 Rxe1+ 24. Nxe1 $11 {[%emt 0:00:04][%mdl 4096] Endgame. KQB-KQN} g6 25. Kf1 Kg7 26. Nd3 Bd4 27. g3 Qg5 $1 28. Qc2 Qf5 29. Qe2 Qc8 30. b5 a6 31. bxa6 Qxa6 32. Nf4 Qc6 33. Qd2 Qc4+ {[%emt 0:01:30] The position is equal.} 34. Qd3 Qc5 35. Ne2 Bxf2 36. Qc3+ f6 37. Qxc5 Bxc5 {[%emt 0:00:02] KB-KN} 38. Nf4 Kf7 {[%emt 0:00:26] Prevents Ne6} 39. Nxd5 Ke6 40. Nf4+ Kd6 41. g4 Ba3 42. Ke2 Ke5 43. Kf3 f5 44. g5 Kd4 45. Ne6+ {[%emt 0:02:14] Weighted Error Value: White=0.05 (flawless) /Black=0.05 (flawless) .  Mistake:       	White=1     	Black=1      Inaccurate:     	---       	Black=1      OK:         	White=22    	Black=15     Best:        	---       	Black=1      Strong:       	---       	Black=1} 1/2-1/2

[Event "German Bundesliga 2023-24"]
[Site "Germany"]
[Date "2024.02.24"]
[Round "10.56"]
[White "Hoffmann, Paul"]
[Black "Zwirs, Nico"]
[Result "1/2-1/2"]
[ECO "B51"]
[WhiteElo "2378"]
[BlackElo "2476"]
[Annotator "TA"]
[PlyCount "118"]
[EventDate "2023.10.20"]
[EventType "team-tourn"]
[EventCountry "GER"]
[SourceTitle "playchess.com"]
[Source "ChessBase"]
[SourceQuality "1"]
[TimeControl "40/6000+30:3000+30"]

1. e4 c5 2. Nf3 d6 3. Bb5+ Nd7 4. a4 Ngf6 5. Nc3 a6 6. Be2 b6 7. O-O Bb7 8. d3 e6 9. Re1 Be7 10. Bf1 O-O 11. Ne2 Qc7 12. Ng3 Rfe8 13. b3 Bf8 14. Bb2 g6 15. c3 e5 16. c4 Bg7 17. Ne2 Nf8 18. Nc3 Ne6 19. Nd5 Nxd5 20. cxd5 Nf8 21. g3 Bc8 22. Nh4 Bd7 23. Qd2 b5 24. axb5 Bxb5 25. Bc3 Qe7 26. Bh3 h5 27. b4 c4 28. dxc4 Bxc4 29. Qc1 Bb5 30. Bd2 Bf6 31. Nf3 $36 {[%emt 0:01:27][%mdl 2048] White has good play.} Nd7 {[%emt 0:00:15] [#]} (31... Nh7 $11) 32. Be3 (32. Bf1 $1 $16) 32... Rec8 33. Qd2 Rc7 (33... Qd8 $11) 34. Bf1 $16 {[%emt 0:01:51] Hoping for Bxb5.} Bxf1 35. Rxf1 Qd8 36. Qd3 {[%emt 0:02:29] Inhibits Rc4.} Qb8 37. Rfb1 {[%emt 0:00:59] White has more active pieces.} Qb7 38. Ra5 (38. Nd2 $16) 38... Rcc8 39. b5 axb5 40. Raxb5 Qa6 41. Nd2 Be7 42. Qf1 Nf6 43. Rb7 Qxf1+ 44. Kxf1 Bf8 45. f3 Ra3 {[%emt 0:03:24] The position is equal.} 46. Ke2 (46. R7b3 {simplifies} Rxb3 47. Rxb3 Nh7 48. Rb6) 46... Rcc3 47. R1b3 Rcxb3 48. Rxb3 Rxb3 49. Nxb3 $11 {[%emt 0:00:14][%mdl 4096] Endgame. KBN-KBN} Ne8 50. g4 hxg4 51. fxg4 f5 52. gxf5 gxf5 53. Bg5 fxe4 54. Ke3 Kf7 55. Nd2 Kg6 56. h4 Bh6 57. Bxh6 Kxh6 58. Nc4 Kg6 59. Kxe4 Nf6+ {[%emt 0:01:14] Weighted Error Value: White=0.09 (flawless) /Black=0.12 (very precise) .  Mistake:       	White=2     	Black=2      Inaccurate:     	White=3     	Black=3      OK:         	White=19    	Black=21} 1/2-1/2